General information
- name: BNet
- type: Ladder team game (AT/RT)
- host: Battle.net
- saver: justthere
map: DragonFalls
- players: 8
- length: 41:19
- speed: Fast
- version: 1.27 W3XP
- replay type: Public
» download(229 KB)
Players
team 1 (winner)

»
WC-and-Chill (
red | 75 APM | 3118 actions | 41:18)
5 Keeper of the Grove
1 Force of Nature
2 Thorns Aura
2 Entangling Roots
4 Priestess of the Moon
2 Scout
2 Trueshot Aura
3 Demon Hunter
2 Immolation
1 Evasion
» actions
| Assign group hotkey | 51 | |
| Basic commands | 80 | |
| Build / train | 150 | |
| Enter build submenu | 50 | |
| Enter hero's abilities submenu | 13 | |
| Remove unit from queue | 1 | |
| Right click | 1231 | |
| Select / deselect | 569 | |
| Select group hotkey | 863 | |
| Use ability | 110 | |
3118 total
» units
| Wisp | 49 | |
| Huntress | 7 | |
| Archer | 31 | |
| Hippogryph | 11 | |
| Glaive Thrower | 3 | |
| Chimaera | 6 | |
107 total
» upgrades
| Ultravision | 1 | |
| Strength of the Wild | 2 | |
| Reinforced Hides | 2 | |
| Corrosive Breath | 1 | |
| Improved Bows | 1 | |
| Strength of the Moon | 3 | |
| Nature's Blessing | 1 | |
| Moon Armor | 4 | |
| Marksmanship | 1 | |
| Well Spring | 1 | |
| Vorpal Blades | 1 | |
18 total
» buildings
| Moon Well | 8 | |
| Altar of Elders | 1 | |
| Hunter's Hall | 1 | |
| Ancient of War | 3 | |
| Ancient Protector | 18 | |
| Tree of Ages | 2 | |
| Tree of Eternity | 2 | |
| Tree of Life | 6 | |
| Ancient of Wind | 1 | |
| Chimaera Roost | 1 | |
43 total
» build order
00:30 Moon Well
01:41 Altar of Elders
01:48 Hunter's Hall
01:52 Ancient of War
02:51 Moon Well
03:05 Ancient Protector
03:20 Ancient Protector
03:58 Moon Well
05:06 Tree of Ages
05:32 Moon Well
07:28 Tree of Eternity
08:01 Tree of Life
08:15 Ancient Protector
09:59 Ancient of Wind
11:09 Chimaera Roost
12:13 Ancient Protector
12:16 Ancient Protector
12:32 Tree of Ages
12:35 Ancient Protector
12:38 Ancient Protector
13:01 Tree of Life
13:08 Moon Well
13:22 Ancient of War
13:33 Ancient of War
13:50 Ancient Protector
13:55 Tree of Life
14:17 Ancient Protector
14:21 Ancient Protector
15:38 Moon Well
16:55 Tree of Life
17:21 Ancient Protector
17:52 Ancient Protector
18:20 Ancient Protector
19:26 Ancient Protector
22:01 Tree of Eternity
26:25 Tree of Life
30:19 Moon Well
30:22 Moon Well
31:38 Ancient Protector
31:45 Ancient Protector
31:51 Ancient Protector
32:56 Ancient Protector
37:20 Tree of Life
» items
| Healing Salve | 2 | |
| Orb of Lightning | 2 | |
| Scroll of Town Portal | 1 | |
5 total
MajorNewbs (
yellow | 4 APM | 153 actions | 41:18)
3 Blademaster
2 Wind Walk
1 Critical Strike
» actions
| Basic commands | 2 | |
| Build / train | 24 | |
| Enter build submenu | 16 | |
| Enter hero's abilities submenu | 3 | |
| Right click | 28 | |
| Select / deselect | 61 | |
| Use ability | 19 | |
153 total
» units
» buildings
| War Mill | 1 | |
| Orc Burrow | 7 | |
| Altar of Storms | 1 | |
| Voodoo Lounge | 2 | |
| Stronghold | 1 | |
| Fortress | 1 | |
| Great Hall | 2 | |
15 total
» build order
00:38 War Mill
00:48 Orc Burrow
01:05 Altar of Storms
02:11 Orc Burrow
02:16 Voodoo Lounge
04:37 Orc Burrow
05:28 Stronghold
06:34 Orc Burrow
08:00 Fortress
08:19 Orc Burrow
09:23 Orc Burrow
10:47 Orc Burrow
18:29 Great Hall
19:20 Voodoo Lounge
24:06 Great Hall
» items
| Boots of Speed | 1 | |
| Circlet of Nobility | 2 | |
| Scroll of Protection | 1 | |
4 total
tdking14 (
green | 28 APM | 1146 actions | 41:18)
7 Blademaster
1 Wind Walk
3 Critical Strike
2 Mirror Image
1 Bladestorm
» actions
| Assign group hotkey | 10 | |
| Build / train | 97 | |
| Enter build submenu | 46 | |
| Enter hero's abilities submenu | 7 | |
| Give item / drop item | 1 | |
| Remove unit from queue | 2 | |
| Right click | 458 | |
| Select / deselect | 379 | |
| Select group hotkey | 76 | |
| Use ability | 70 | |
1146 total
» units
| Peon | 9 | |
| Troll Headhunter/Berserker | 66 | |
75 total
» upgrades
| Ranged Weapons | 3 | |
| Berserker Upgrade | 1 | |
| Reinforced Defenses | 1 | |
| Troll Regeneration | 1 | |
6 total
» buildings
| Altar of Storms | 1 | |
| Orc Burrow | 5 | |
| Voodoo Lounge | 1 | |
| Barracks | 1 | |
| War Mill | 1 | |
| Watch Tower | 26 | |
| Stronghold | 1 | |
| Fortress | 1 | |
| Great Hall | 1 | |
38 total
» build order
00:07 Altar of Storms
00:11 Orc Burrow
01:01 Voodoo Lounge
01:45 Orc Burrow
01:59 Barracks
02:15 War Mill
04:18 Watch Tower
05:23 Watch Tower
06:52 Watch Tower
06:55 Stronghold
07:56 Watch Tower
08:38 Orc Burrow
09:03 Watch Tower
09:34 Orc Burrow
11:14 Fortress
12:48 Watch Tower
14:08 Watch Tower
16:51 Watch Tower
17:33 Orc Burrow
19:27 Watch Tower
19:33 Watch Tower
22:05 Watch Tower
25:03 Watch Tower
26:14 Watch Tower
26:20 Watch Tower
28:24 Great Hall
28:27 Watch Tower
28:30 Watch Tower
31:19 Watch Tower
31:28 Watch Tower
32:57 Watch Tower
33:37 Watch Tower
35:41 Watch Tower
36:15 Watch Tower
38:18 Watch Tower
39:22 Watch Tower
40:36 Watch Tower
40:40 Watch Tower
» items
| Healing Salve | 2 | |
| Scroll of Town Portal | 1 | |
| Orb of Lightning | 1 | |
4 total
justthere (
blue | 63 APM | 2596 actions | 41:19)
10 Blademaster
3 Wind Walk
3 Critical Strike
1 Bladestorm
3 Mirror Image
» actions
| Assign group hotkey | 137 | |
| Basic commands | 31 | |
| Build / train | 111 | |
| Enter build submenu | 71 | |
| Enter hero's abilities submenu | 11 | |
| Give item / drop item | 6 | |
| Remove unit from queue | 2 | |
| Right click | 1122 | |
| Select / deselect | 550 | |
| Select group hotkey | 273 | |
| Use ability | 282 | |
2596 total
» units
| Peon | 14 | |
| Grunt | 4 | |
| Wind Rider | 4 | |
| Goblin Zeppelin | 2 | |
| Goblin Shredder | 1 | |
| Troll Batrider | 11 | |
| Goblin Sapper | 2 | |
| Raider | 6 | |
44 total
» upgrades
| Armor | 3 | |
| Melee Weapons | 3 | |
| Reinforced Defenses | 1 | |
| Ranged Weapons | 3 | |
| Ensnare | 1 | |
| Pillage | 1 | |
| Liquid Fire | 1 | |
13 total
» buildings
| Altar of Storms | 1 | |
| Orc Burrow | 7 | |
| Barracks | 1 | |
| Voodoo Lounge | 1 | |
| Stronghold | 2 | |
| War Mill | 2 | |
| Great Hall | 3 | |
| Beastiary | 4 | |
| Fortress | 2 | |
| Watch Tower | 51 | |
74 total
» build order
00:09 Altar of Storms
00:18 Orc Burrow
01:00 Barracks
01:26 Orc Burrow
01:35 Voodoo Lounge
03:05 Stronghold
03:42 War Mill
04:59 Orc Burrow
05:28 Great Hall
05:39 Beastiary
05:39 Beastiary
05:54 Orc Burrow
08:38 Fortress
08:40 Watch Tower
08:40 Watch Tower
08:41 Watch Tower
10:27 Watch Tower
10:27 Watch Tower
10:28 Watch Tower
10:30 Watch Tower
15:01 Beastiary
15:02 Beastiary
15:47 Great Hall
15:50 Watch Tower
15:50 Watch Tower
15:51 Watch Tower
15:52 Watch Tower
17:04 Stronghold
18:49 Watch Tower
18:51 Watch Tower
18:51 Watch Tower
18:52 Watch Tower
18:52 Watch Tower
18:53 Watch Tower
18:53 Watch Tower
18:53 Watch Tower
19:38 Watch Tower
19:38 Watch Tower
19:39 Watch Tower
19:39 Watch Tower
19:39 Watch Tower
19:49 Fortress
20:50 Watch Tower
20:50 Watch Tower
20:51 Watch Tower
20:52 Watch Tower
20:55 Orc Burrow
20:58 Orc Burrow
21:05 Orc Burrow
23:06 War Mill
23:37 Watch Tower
23:38 Watch Tower
23:39 Watch Tower
23:39 Watch Tower
29:47 Watch Tower
29:47 Watch Tower
29:48 Watch Tower
29:48 Watch Tower
29:51 Watch Tower
31:56 Watch Tower
31:56 Watch Tower
31:57 Watch Tower
31:57 Watch Tower
32:03 Watch Tower
32:32 Great Hall
33:11 Watch Tower
33:11 Watch Tower
34:41 Watch Tower
34:41 Watch Tower
» items
| Healing Salve | 9 | |
| Lesser Clarity Potion | 8 | |
| Potion of Mana | 5 | |
| Scroll of Town Portal | 4 | |
| Orb of Lightning | 1 | |
| Potion of Healing | 5 | |
| Periapt of Vitality | 1 | |
| Staff of Teleportation | 1 | |
| Potion of Lesser Invulnerability | 2 | |
| Dust of Appearance | 1 | |
37 total
team 2 (loser)
Acebang (
pink | 40 APM | 1636 actions | 41:17)
6 Demon Hunter
2 Immolation
3 Evasion
1 Metamorphosis
5 Priestess of the Moon
3 Trueshot Aura
1 Scout
1 Searing Arrows
4 Keeper of the Grove
2 Entangling Roots
2 Force of Nature
1 Blademaster
1 Bladestorm
» actions
| Assign group hotkey | 17 | |
| Basic commands | 3 | |
| Build / train | 146 | |
| Enter build submenu | 39 | |
| Enter hero's abilities submenu | 16 | |
| Give item / drop item | 15 | |
| Remove unit from queue | 15 | |
| Right click | 641 | |
| Select / deselect | 488 | |
| Select group hotkey | 140 | |
| Use ability | 115 | |
1636 total
» units
| Wisp | 38 | |
| Archer | 24 | |
| Huntress | 1 | |
| Hippogryph | 8 | |
| Siege Engine | 19 | |
90 total
» upgrades
| Strength of the Moon | 2 | |
| Moon Armor | 1 | |
| Improved Bows | 1 | |
| Hippogryph Taming | 1 | |
| Abolish Magic | 1 | |
| Druid of the Claw Training | 1 | |
| Marksmanship | 1 | |
| Nature's Blessing | 1 | |
| Druid of the Talon Training | 1 | |
10 total
» buildings
| Altar of Elders | 1 | |
| Moon Well | 7 | |
| Ancient of War | 1 | |
| Ancient of Wonders | 1 | |
| Hunter's Hall | 1 | |
| Ancient Protector | 11 | |
| Tree of Ages | 1 | |
| Ancient of Wind | 1 | |
| Ancient of Lore | 2 | |
| Tree of Life | 4 | |
| Tree of Eternity | 1 | |
31 total
» build order
00:22 Altar of Elders
00:37 Moon Well
01:17 Ancient of War
01:32 Moon Well
01:59 Moon Well
02:47 Ancient of Wonders
03:12 Hunter's Hall
03:17 Moon Well
04:16 Ancient Protector
05:46 Tree of Ages
07:08 Ancient Protector
07:29 Moon Well
08:15 Ancient of Wind
08:40 Ancient of Lore
09:36 Tree of Life
10:22 Moon Well
13:24 Ancient of Lore
15:37 Tree of Life
15:48 Tree of Eternity
19:27 Tree of Life
20:34 Ancient Protector
20:39 Ancient Protector
21:00 Ancient Protector
21:07 Ancient Protector
21:20 Ancient Protector
21:38 Ancient Protector
21:56 Ancient Protector
23:20 Tree of Life
23:42 Ancient Protector
23:43 Ancient Protector
26:17 Moon Well
» items
| Dust of Appearance | 1 | |
| Moonstone | 2 | |
| Periapt of Vitality | 1 | |
| Scroll of Speed | 1 | |
| Scroll of Town Portal | 2 | |
| Staff of Preservation | 1 | |
| Staff of Teleportation | 1 | |
9 total
GG.NeWiiE (
purple | 56 APM | 1402 actions | 24:52)
5 Blademaster
3 Wind Walk
2 Critical Strike
» actions
| Basic commands | 17 | |
| Build / train | 44 | |
| Enter build submenu | 17 | |
| Enter hero's abilities submenu | 5 | |
| Give item / drop item | 2 | |
| Remove unit from queue | 1 | |
| Right click | 987 | |
| Select / deselect | 267 | |
| Use ability | 62 | |
1402 total
» units
| Peon | 9 | |
| Grunt | 6 | |
| Troll Batrider | 9 | |
| Siege Engine | 2 | |
26 total
» upgrades
| Ranged Weapons | 1 | |
| Liquid Fire | 1 | |
| Armor | 1 | |
| Spiked Barricades | 1 | |
4 total
» buildings
| Altar of Storms | 1 | |
| Orc Burrow | 6 | |
| Barracks | 1 | |
| Voodoo Lounge | 1 | |
| War Mill | 1 | |
| Stronghold | 1 | |
| Beastiary | 2 | |
| Fortress | 1 | |
| Great Hall | 1 | |
| Watch Tower | 2 | |
17 total
» build order
00:07 Altar of Storms
00:11 Orc Burrow
00:40 Barracks
01:30 Orc Burrow
01:53 Voodoo Lounge
02:06 War Mill
03:35 Stronghold
05:50 Orc Burrow
05:52 Orc Burrow
05:53 Orc Burrow
05:55 Orc Burrow
06:45 Beastiary
06:48 Beastiary
07:16 Fortress
14:31 Great Hall
15:16 Watch Tower
15:21 Watch Tower
» items
| Healing Salve | 2 | |
| Lesser Clarity Potion | 2 | |
| Dust of Appearance | 1 | |
5 total
nigs.smells (
teal | 54 APM | 1118 actions | 20:45)
2 Archmage
1 Summon Water Elemental
1 Brilliance Aura
» actions
| Assign group hotkey | 14 | |
| Basic commands | 2 | |
| Build / train | 166 | |
| ESC pressed | 4 | |
| Enter build submenu | 26 | |
| Enter hero's abilities submenu | 2 | |
| Give item / drop item | 1 | |
| Right click | 337 | |
| Select / deselect | 248 | |
| Select group hotkey | 264 | |
| Use ability | 54 | |
1118 total
» units
| Peasant | 30 | |
| Flying Machine | 89 | |
| Siege Engine | 5 | |
124 total
» upgrades
| Masonry | 1 | |
| Gunpowder | 3 | |
| Lumber Harvesting | 1 | |
| Flying Machine Bombs | 1 | |
| Plating | 2 | |
| Flak Cannons | 1 | |
| Barrage | 1 | |
10 total
» buildings
| Altar of Kings | 1 | |
| Farm | 9 | |
| Lumber Mill | 1 | |
| Scout Tower | 6 | |
| Blacksmith | 1 | |
| Arcane Tower | 4 | |
| Guard Tower | 6 | |
| Keep | 1 | |
| Town Hall | 3 | |
| Castle | 3 | |
| Workshop | 6 | |
41 total
» build order
00:34 Altar of Kings
00:46 Farm
01:11 Lumber Mill
01:18 Farm
01:37 Scout Tower
02:01 Farm
02:14 Blacksmith
02:15 Arcane Tower
02:21 Scout Tower
02:56 Scout Tower
03:14 Arcane Tower
03:36 Scout Tower
03:53 Guard Tower
04:11 Guard Tower
04:12 Guard Tower
04:12 Guard Tower
04:12 Guard Tower
05:32 Keep
05:43 Town Hall
06:13 Scout Tower
06:23 Scout Tower
06:53 Arcane Tower
06:54 Arcane Tower
07:59 Farm
08:00 Farm
08:01 Farm
08:01 Farm
08:02 Castle
08:03 Castle
08:03 Castle
08:06 Workshop
08:07 Workshop
08:08 Workshop
08:12 Workshop
08:18 Workshop
08:20 Workshop
10:31 Farm
10:31 Farm
18:43 Town Hall
20:17 Town Hall
Fukkitt (
orange | 38 APM | 1562 actions | 41:10)
7 Blademaster
1 Wind Walk
3 Mirror Image
2 Critical Strike
1 Bladestorm
» actions
| Assign group hotkey | 15 | |
| Basic commands | 193 | |
| Build / train | 67 | |
| Enter build submenu | 17 | |
| Enter hero's abilities submenu | 7 | |
| Give item / drop item | 2 | |
| Remove unit from queue | 3 | |
| Right click | 278 | |
| Select / deselect | 300 | |
| Select group hotkey | 592 | |
| Use ability | 88 | |
1562 total
» units
| Peon | 10 | |
| Troll Batrider | 18 | |
| Wind Rider | 5 | |
33 total
» upgrades
| Spiked Barricades | 3 | |
| Ranged Weapons | 3 | |
| Liquid Fire | 1 | |
| Reinforced Defenses | 1 | |
| Envenomed Spears | 1 | |
9 total
» buildings
| Orc Burrow | 6 | |
| Altar of Storms | 2 | |
| Voodoo Lounge | 2 | |
| War Mill | 1 | |
| Stronghold | 1 | |
| Watch Tower | 4 | |
| Beastiary | 2 | |
| Fortress | 1 | |
19 total
» build order
00:27 Orc Burrow
00:42 Altar of Storms
01:24 Voodoo Lounge
01:47 War Mill
02:38 Stronghold
03:04 Watch Tower
03:08 Watch Tower
03:26 Watch Tower
03:36 Watch Tower
05:09 Beastiary
05:13 Beastiary
05:17 Orc Burrow
05:25 Orc Burrow
05:27 Orc Burrow
09:35 Fortress
10:29 Orc Burrow
10:34 Orc Burrow
21:49 Voodoo Lounge
29:18 Altar of Storms
» items
| Healing Salve | 2 | |
| Scroll of Speed | 4 | |
| Orb of Lightning | 1 | |
| Circlet of Nobility | 2 | |
| Periapt of Vitality | 2 | |
| Staff of Teleportation | 1 | |
12 total
Chat log
(00:07 / All) nigs.smells: nigs are ugly
(00:16 / All) Acebang: well im white
(00:18 / All) Acebang: and ugly
(00:24 / All) WC-and-Chill: lol
(00:28 / All) Acebang: is that possible
(00:47 / All) WC-and-Chill: Anything's possible. I'm white and have a huge cock.
(00:54 / All) Acebang: now i know ur lieing
(01:04 / All) WC-and-Chill: like I said....anythings possible.
(01:06 / All) nigs.smells: nigs smell
(01:11 / All) WC-and-Chill: send your sister over and she can verify it.
(01:22 / All) Acebang: i have a dog
(01:27 / All) Acebang: no sister
(01:49 / All) MajorNewbs: niggers are trash put them all back in chains
(01:58 / All) MajorNewbs: niggers are slaves
(02:00 / All) justthere: ship them back to Africa and ask for a refund
(02:04 / All) WC-and-Chill: I'll take a 100lb college freshman then.
(02:05 / All) justthere: obsolete farm equipment
(02:23 / All) Acebang: wow warcraft is alot more racist then i remember
(02:30 / All) WC-and-Chill: wow......all the NAZIs are here tonight!
(02:35 / All) MajorNewbs: niggers are trash put them all back in chains
(02:37 / All) nigs.smells: shut up nigga
(02:42 / All) MajorNewbs: JESUS POWER AMEN
(02:44 / All) WC-and-Chill: squelch them...
(03:19 / All) MajorNewbs: niggers are trash put them all back in chains
(03:35 / All) MajorNewbs: JESUS POWER AMEN
(03:58 / All) GG.NeWiiE: ^^
(04:08 / All) GG.NeWiiE: got dust???
(04:14 / All) MajorNewbs: put them niggers all back in chains
(04:19 / All) MajorNewbs: JESUS POWER AMEN
(05:05 / Allies) tdking14: wood/
(05:09 / All) MajorNewbs: put all them niggers back in chains
(05:14 / All) MajorNewbs: JESUS POWER AMEN
(05:21 / All) MajorNewbs: GOD
(05:35 / All) nigs.smells: nigs are fat and smells
(05:44 / Allies) WC-and-Chill: bm near
(05:48 / All) nigs.smells: black women are disgusting
(05:56 / All) MajorNewbs: put all of them niggers back in chains
(06:01 / All) MajorNewbs: JESUS POWER AMEN
(06:08 / All) MajorNewbs: YAHWEH ISRAEL
(06:23 / All) MajorNewbs: niggers are trash
(06:36 / All) nigs.smells: black women are fat and behaves like gorillas
(06:51 / All) MajorNewbs: put the niggers back in chains
(06:54 / All) WC-and-Chill: weirdest racist chat ever.......
(07:02 / All) WC-and-Chill: KKK meeting just get over or what?
(07:06 / All) MajorNewbs: LOCK THEM
(07:06 / All) nigs.smells: wc and chill
(07:09 / All) MajorNewbs: up
(07:09 / All) nigs.smells: are you a nigga?
(07:13 / All) WC-and-Chill: nope
(07:33 / All) nigs.smells: if you have sex with a black woman its the same as beastary
(07:34 / All) MajorNewbs: LOCK the nigger up
(07:37 / All) nigs.smells: because they are still gorillas
(07:48 / All) MajorNewbs: JESUS IS GOD BIBLE CODES
(07:56 / All) MajorNewbs: GOD IS WHITE POWER
(08:10 / Allies) tdking14: taake it
(08:13 / All) MajorNewbs: LOCK THAT nigger up
(08:18 / Allies) WC-and-Chill: expoing top
(08:21 / Allies) WC-and-Chill: go ahead
(08:45 / All) MajorNewbs: JESUS IS WHITE POWER LOCK THAT nigger up
(08:45 / All) WC-and-Chill: Anyone who thinks their intelligent because of their tan is a fucking idiot though....
(08:50 / All) WC-and-Chill: .....or their lack of a tan.
(09:15 / All) MajorNewbs: LOCK THAT nigger up WHITE POWER AMEN
(09:24 / All) nigs.smells: black women are disgusting smelly apeshits
(09:31 / All) MajorNewbs: JESUS IS WHITE
(09:33 / All) MajorNewbs: AMEN
(09:41 / All) WC-and-Chill: mediterranian actually.....
(09:42 / All) MajorNewbs: niggers are trash
(10:16 / All) MajorNewbs: Lock that nigger up
(10:22 / All) MajorNewbs: JESUS IS WHITE POWER
(10:24 / All) MajorNewbs: AMEN
(10:29 / All) WC-and-Chill: not a fan of facts?
(10:32 / All) MajorNewbs: JESUS IS WHITE POWER AMEN
(10:35 / All) Acebang: u may have said that before
(10:39 / All) MajorNewbs: lock that nigger up
(10:45 / Allies) tdking14: wood plzz
(11:04 / All) MajorNewbs: JESUS IS WHITE POWER AMEN lock that nigger up
(11:08 / All) MajorNewbs: JUDAH
(11:30 / Allies) justthere: archers
(11:34 / Allies) justthere: go
(11:35 / Allies) justthere: archers
(11:51 / All) MajorNewbs: JESUS IS WHITE POWER AMEN
(12:04 / All) Acebang: sick
(12:05 / All) MajorNewbs: WHITE POWER
(12:07 / All) MajorNewbs: AMEN
(12:11 / All) MajorNewbs: JUDAH
(12:19 / All) Acebang: i guess making units is overrated
(12:25 / Allies) justthere: burrows
(12:25 / Allies) WC-and-Chill: aa tp now
(12:43 / All) MajorNewbs: JESUS WHITE POWER AMEN
(12:49 / All) MajorNewbs: THE HOLY ONE OF ISRAEL
(12:55 / All) MajorNewbs: GO FULL SCALE
(12:57 / All) MajorNewbs: COMBINE
(13:03 / All) MajorNewbs: ATTACK
(13:21 / All) MajorNewbs: ATTACK ATTACK ATTACK
(13:34 / All) MajorNewbs: MY 12 TRIBES OF ISRAEL
(13:43 / Allies) justthere: repair
(13:44 / Allies) justthere: mais repair
(13:57 / Allies) WC-and-Chill: bats
(13:58 / Allies) WC-and-Chill: tower up hard
(14:21 / All) MajorNewbs: MY 12 TRIBES OF ISRAEL AMEN
(14:25 / All) MajorNewbs: ATTACK
(15:02 / Allies) WC-and-Chill: kill expos
(15:04 / Allies) WC-and-Chill: keep them poor
(15:19 / All) MajorNewbs: MY 12 TRIBES OF ISRAEL GOGO ATTACK
(15:30 / All) justthere: lawl
(16:05 / All) MajorNewbs: MY 12 TRIBES OF ISRAEL
(16:10 / All) MajorNewbs: ATTACK
(16:12 / All) GG.NeWiiE: got enough towers?
(16:44 / Allies) justthere: lumbs
(17:12 / Allies) WC-and-Chill: kill teal expo
(17:12 / All) MajorNewbs: MY 12 TRIBES OF ISRAEL AMEN
(17:15 / All) MajorNewbs: GOGO
(17:19 / All) MajorNewbs: AMEN
(17:25 / Allies) justthere: yellow give me your resources
(17:45 / Allies) tdking14: units
(18:04 / Allies) justthere: ty
(18:48 / All) MajorNewbs: MY 12 TRIBES OF ISRAEL AMEN
(18:54 / All) MajorNewbs: FULL SCALE
(18:58 / All) MajorNewbs: TOTAL
(19:02 / All) MajorNewbs: GOGO
(19:12 / All) Acebang: why are u still here yellow
(19:35 / All) MajorNewbs: I let you live mortal
(19:42 / All) MajorNewbs: I AM GOD
(19:47 / All) MajorNewbs: CAESAR
(20:04 / Allies) justthere: orange got mh?
(20:10 / Allies) WC-and-Chill: kill pink expo
(20:11 / All) MajorNewbs: I AM GOD mortal
(20:11 / Allies) WC-and-Chill: naked
(20:15 / All) MajorNewbs: I AM CAESAR
(20:26 / All) MajorNewbs: bitch ass nigger chimps
(20:35 / All) MajorNewbs: africa is trash
(20:49 / All) MajorNewbs: only niggers come out of africa
(20:58 / All) MajorNewbs: africa is trash
(21:07 / All) MajorNewbs: I AM CAESAR
(21:11 / All) WC-and-Chill: you don't know anything about N or S Africa do you........
(21:20 / All) MajorNewbs: africa is trash
(21:32 / All) MajorNewbs: only niggers are born from africa
(21:42 / All) MajorNewbs: nigger trasg
(21:59 / All) MajorNewbs: I AM JUDAH CAESAR
(22:12 / All) MajorNewbs: '
(23:06 / Allies) WC-and-Chill: b
(23:22 / All) MajorNewbs: JESUS POWER AMEN
(23:34 / Allies) WC-and-Chill: GOLD WINS THIS
(23:38 / All) MajorNewbs: JUDAH POWER
(23:44 / All) MajorNewbs: FULL SCALE
(24:31 / All) MajorNewbs: POWER FROM THE LION OF THE TRIBE OF JUDAH AMEN
(24:50 / All) MajorNewbs: THE HOLY ONE OF ISRAEL AMEN
(25:11 / All) Fukkitt: good god what abad team
(25:13 / All) Fukkitt: gg
(25:24 / Allies) justthere: pray for us rabbi!
(25:25 / All) Acebang: u better mean everyone besides me oj...
(25:26 / All) WC-and-Chill: YES YOU WERE.
(25:52 / All) MajorNewbs: MY 12 TRIBES OF ISRAEL AMEN
(25:59 / All) MajorNewbs: THE HOLY ONE OF ISRAEL
(26:05 / All) MajorNewbs: JUDAH POWER
(26:14 / All) MajorNewbs: SO BE IT AMEN
(26:19 / Allies) WC-and-Chill: PINK expo next
(26:46 / All) MajorNewbs: MY 12 TRIBES OF ISRAEL AMEN
(26:50 / All) MajorNewbs: JUDAH POWER
(27:42 / All) MajorNewbs: POWER FROM THE LION OF THE TRIBE OF JUDAH AMEN
(27:51 / All) MajorNewbs: FULL SCALE FORCE MARKERS
(27:54 / All) MajorNewbs: HUNT
(28:00 / All) MajorNewbs: HUNT THEM DOWN
(28:06 / All) MajorNewbs: BRING IN THE SNIPERS
(28:11 / All) justthere: owned fukkitt
(28:12 / All) justthere: noob
(28:15 / All) MajorNewbs: BRING IN THE SNIPERS
(28:21 / All) justthere: raped, boy
(28:35 / Allies) WC-and-Chill: altar
(29:07 / All) MajorNewbs: POWER FROM THE LION OF THE TRIBE OF JUDAH BRING IN THE SNIPERS
(29:11 / All) MajorNewbs: HEAD SHOTS
(29:16 / All) Acebang: 1 v 4
(29:20 / All) MajorNewbs: HEAD SHOTS
(29:22 / All) Acebang: gg blue
(29:24 / All) MajorNewbs: HEAD SHOTS
(29:35 / All) MajorNewbs: HEAD SHOTS SNIPERS
(29:37 / Allies) WC-and-Chill: bn
(29:38 / Allies) WC-and-Chill: b
(29:40 / Allies) justthere: oout
(29:41 / All) MajorNewbs: HEAD SHOTS
(29:45 / Allies) tdking14: gold plzzz
(29:48 / All) MajorNewbs: SNIPERS
(29:51 / Allies) justthere: lumber
(29:54 / All) MajorNewbs: HEAD SHOTS
(29:58 / All) MajorNewbs: SNIPERS
(30:03 / All) MajorNewbs: AMEN
(30:58 / All) MajorNewbs: POWER FROM THE LION OF THE TRIBE OF JUDAH
(31:06 / All) MajorNewbs: SNIPER HEAD SHOT
(31:17 / All) MajorNewbs: ONE SHOT ONE KILL
(31:20 / All) Acebang: :(
(31:23 / All) MajorNewbs: SNIPER WEAPON
(31:24 / All) Acebang: sad face
(31:37 / All) MajorNewbs: ONE SHOT ONE KILL SNIPER WEAPON
(31:46 / All) MajorNewbs: ISRAEL POWER
(31:49 / All) MajorNewbs: AMEN
(32:17 / All) justthere: nice map hack newbie
(32:24 / All) justthere: didn't help you that much tho did it
(32:26 / All) MajorNewbs: POWER FROM THE LION OF THE TRIBE OF JUDAH AMEN
(32:30 / All) Acebang: ??? me or oj
(32:33 / All) justthere: oj
(32:36 / All) MajorNewbs: THE HOLY ONE OF ISRAEL
(32:40 / All) Acebang: ok i can beleive that
(32:41 / All) MajorNewbs: SEEK
(32:54 / All) justthere: twice he got my bats like that
(32:56 / All) MajorNewbs: FULL SCALE FORCE MARKERS
(33:03 / Allies) MajorNewbs: NUMBERS
(33:08 / All) MajorNewbs: NUMBERS
(33:09 / All) Acebang: usually kids that only go bats with bm use mh
(33:37 / All) MajorNewbs: POWER FROM THE LION
(33:45 / All) MajorNewbs: OF THE TRIBE OF JUDAH AMEN
(33:56 / All) MajorNewbs: THE HOLY ONE OF ISRAEL
(34:02 / All) MajorNewbs: FULL SCALE
(34:08 / All) MajorNewbs: TRUE
(34:08 / All) justthere: fukkitt = my bitch
(34:18 / All) Acebang: the only thing that makes me sad is that yellow gets the win
(34:21 / Allies) WC-and-Chill: teal has about 12 tanks
(34:51 / All) MajorNewbs: bitch ass nigger monkey looking faced chimp
(34:58 / All) MajorNewbs: I AM GOD
(35:05 / All) MajorNewbs: GOD
(35:12 / All) MajorNewbs: I AM GOD nigger
(35:27 / All) MajorNewbs: sit your ass down chimp nigger
(35:33 / All) WC-and-Chill: SWEET! WE'RE KICKING GODS ASS!
(35:34 / Allies) MajorNewbs: I AM GOD
(35:54 / All) MajorNewbs: know your place kid
(35:59 / All) MajorNewbs: for I AM GOD
(36:02 / All) MajorNewbs: GOD
(36:07 / All) WC-and-Chill: You're place is in my ass!
(36:12 / All) MajorNewbs: bitch ass niggers
(36:19 / All) MajorNewbs: I AM GOD
(37:24 / All) MajorNewbs: I AM GOD
(37:30 / All) Fukkitt: gg
(37:34 / All) Acebang: ur a loony
(37:34 / All) WC-and-Chill: JUST KICKED GODS ASS
(37:37 / All) Fukkitt: pink got to be worst player on here
(37:40 / All) WC-and-Chill: YOU'RE A DEMIGOD AT BEST!
(37:44 / All) Acebang: above u noob
(37:45 / All) justthere: yellow is our mascot
(37:50 / All) justthere: also fed me a substantial amount
(37:52 / All) justthere: true bro
(37:54 / All) Acebang: so dont ever talk to me u cumdumpster
(38:03 / All) Acebang: saved ur ass 9 ties
(38:11 / All) Acebang: keep using my wells pussy
(38:15 / All) MajorNewbs: I AM GOD bitch ass niggers
(38:25 / All) Acebang: useless bm noob
(38:26 / All) Fukkitt: pink is bt far worst i seen in long time
(38:28 / All) Fukkitt: gg
(38:30 / All) justthere: fukkitt ain't shit
(38:33 / All) Acebang: u have downs
(38:33 / All) justthere: maphack newbie
(38:40 / All) MajorNewbs: ISRAEL POWER
(38:47 / All) MajorNewbs: I AM GOD ISRAEL
(38:48 / All) Acebang: still couldnt be usefull even with mh
(38:58 / All) MajorNewbs: bitch ass niggers
(39:38 / All) MajorNewbs: I AM GOD
(39:43 / All) MajorNewbs: JESUS POWER
(39:48 / All) MajorNewbs: ISRAEL
(40:06 / All) justthere: true noob bm when they get mirror image that early
(40:07 / All) justthere: lol
(40:20 / All) justthere: you need a lot more practice and less map hack rookie
(40:21 / All) MajorNewbs: I AM GOD
(40:23 / All) MajorNewbs: GOD
(40:25 / All) MajorNewbs: GOD
(40:26 / All) MajorNewbs: GOD
(40:34 / All) MajorNewbs: JESUS POWER ISRAEL
(40:38 / All) MajorNewbs: I AM GOD
(40:40 / All) Acebang: lvl 1 wind walk...
(40:41 / All) MajorNewbs: JUDAH
(40:47 / All) Acebang: went mirror instead..
(40:59 / Allies) WC-and-Chill: GOLD?
(41:01 / All) MajorNewbs: I AM GOD
(41:05 / All) Fukkitt: pink got to be handicapoped
(41:06 / All) Fukkitt: gg
(41:14 / All) Acebang: retard cant spell